 Dungeon Crawl Stone Soup version 0.15.2 (webtiles) character file.

441 Miyamura the Changer (level 6, -7/50 HPs)
             Began as a Draconian Transmuter on Dec 14, 2014.
             Mangled by an ogre
             ... wielding a +0 giant spiked club
              (26 damage)
             ... on Level 5 of the Dungeon.
             The game lasted 00:22:40 (6300 turns).

Miyamura the Changer (Draconian Transmuter)         Turns: 6300, Time: 00:22:40

HP  -7/50        AC  8     Str 12      XL: 6   Next: 71%
MP  12/12        EV 14     Int 14      God:
Gold 199         SH  0     Dex 18      Spells:  3 memorised,  3 levels left

rFire  . . .     SeeInvis .     v - +1 short sword (drain)
rCold  . . .     Clarity  .     (armour unavailable)
rNeg   . . .     rCorr    .     (no shield)
rPois  .         rRot     .     (helmet restricted)
rElec  .         Spirit   .     (no cloak)
SustAb .         Warding  .     (no gloves)
rMut   .         Stasis   .     q - +1 pair of boots
Gourm  .                        (no amulet)
MR     .....                    (no ring)
                                t - +5 ring of dexterity

@: not resistant to hostile enchantments, unstealthy
A: unfitting armour, cold-blooded, AC +6
a: no special abilities


You were on level 5 of the Dungeon.
You were very hungry.

You visited 1 branch of the dungeon, and saw 5 of its levels.
You also visited: Ossuary.

You collected 199 gold pieces.

Inventory:

Hand weapons
 n - a cursed +2 dagger of venom
 v - a +1 short sword of draining (weapon)
 A - the +6 spear of the Botono {reap, rPois rN+ HP-6}
   (You found it on level 5 of the Dungeon)

   If a monster killed with it leaves a corpse in good enough shape, the corpse
   will be animated as a zombie friendly to the killer.
   It protects you from poison.
   It protects you from negative energy.
   It affects your health (-6).
 B - a cursed +0 dagger of freezing
Missiles
 b - 49 arrows
 c - 14 stones (quivered)
 h - 15 poisoned arrows
Armour
 f - a cursed +0 buckler
 q - a +1 pair of boots (worn)
Comestibles
 a - 4 bread rations
 g - a beef jerky
 l - 6 meat rations
 C - a fruit
Scrolls
 r - a scroll of torment
 s - a scroll of amnesia
 w - a scroll of enchant weapon
 y - a scroll of enchant armour
 D - a scroll of recharging
Jewellery
 j - a cursed ring of sustain abilities
 t - a +5 ring of dexterity (left hand)
Potions
 e - a potion of curing
 i - a potion of brilliance
 k - 3 potions of magic
 m - a potion of poison
 o - 2 potions of cancellation
 u - a potion of beneficial mutation {unknown}
 x - a potion of heal wounds {unknown}
Books
 d - a book of Changes

   Spells                             Type                      Level
   *Beastly Appendage                 Transmutation                1
   Sticks to Snakes                   Transmutation                2
   *Spider Form                       Transmutation/Poison         3
   *Ice Form                          Ice/Transmutation            4
   Blade Hands                        Transmutation                5


   Skills:
 + Level 2.7 Fighting
 + Level 3.3 Dodging
 + Level 4.1 Unarmed Combat
 - Level 3.0 Spellcasting
 + Level 4.5 Transmutations


You had 3 spell levels left.
You knew the following spells:

 Your Spells              Type           Power        Failure   Level  Hunger
a - Beastly Appendage     Trmt           ##....       3%          1    #......
b - Spider Form           Trmt/Pois      #.........   24%         3    ###....
c - Ice Form              Ice/Trmt       #.......     82%         4    #####..


Dungeon Overview and Level Annotations

Branches:
Dungeon (5/15)
 Temple: D:4-7

Altars:

Annotations:
D:5 Grinder, Menkaure


Innate Abilities, Weirdness & Mutations

Your plain brown scales are hard (AC +6).
Your body does not fit into most forms of armour.
Your cold-blooded metabolism reacts poorly to cold.


Message History

Okay, then.
Drink which item? (? for menu, Esc to quit)
That liquid tasted very nasty...
You are poisoned.
It was a potion of poison.
You feel sick. The scorpion stings you. The phantom hits you!
* * * LOW HITPOINT WARNING * * *
Drink which item? (? for menu, Esc to quit)
You feel better. The scorpion barely misses you. The phantom hits you.
The phantom blinks!
The phantom blinks!
The phantom hits you but does no damage.
The phantom barely misses you. The phantom barely misses you.
Found a glowing inky potion.
An ogre comes into view. It is wielding a giant spiked club.
The ogre shouts!
The scorpion completely misses you.
The ogre hits you with a giant spiked club!!
Ouch! That really hurt!
You die...

#.#
#.#############
#............[#
####.########.#
#.# ####..# ..#
#....##
#.#####W#### ..
##.s.# ...
#@.###
?.......O##
.##....## ##..!
##.# #. #. ..


You could see a phantom, an ogre and a scorpion.

Vanquished Creatures
  An elf zombie (Ossuary)
  A scorpion (D:4)
  A human zombie (Ossuary)
  A worker ant (D:4)
  An iguana (D:4)
  A big kobold zombie (Ossuary)
  A hound zombie (Ossuary)
  4 mummies (Ossuary)
  6 adders
  3 gnolls (D:3)
  2 giant mites
  2 worms
  3 giant geckos (D:1)
  An orc (D:4)
  9 bats
  4 giant cockroaches
  13 goblins
  12 hobgoblins
  8 jackals
  An ooze (D:1)
  2 ball pythons (D:3)
  5 giant newts
  A gnoll zombie (Ossuary)
  7 kobolds
  14 rats
104 creatures vanquished.

Vanquished Creatures (others)
  2 gnoll zombies (Ossuary)
  3 goblin zombies (Ossuary)
  A kobold zombie (Ossuary)
  A rat zombie (Ossuary)
7 creatures vanquished.

Grand Total: 111 creatures vanquished

Notes
Turn   | Place    | Note
--------------------------------------------------------------
     0 | D:1      | Miyamura, the Draconian Transmuter, began the quest for the Orb.
     0 | D:1      | Reached XP level 1. HP: 16/16 MP: 3/3
   176 | D:1      | Reached XP level 2. HP: 21/23 MP: 2/4
   743 | D:1      | Reached XP level 3. HP: 27/29 MP: 6/6
  1378 | D:2      | Learned a level 3 spell: Spider Form
  2035 | D:2      | Reached XP level 4. HP: 36/36 MP: 8/8
  2242 | D:3      | Learned a level 4 spell: Ice Form
  2938 | D:3      | Reached XP level 5. HP: 30/41 MP: 8/11
  4273 | D:4      | Reached skill level 4 in Transmutations
  4802 | D:4      | Reached XP level 6. HP: 32/50 MP: 12/12
  5271 | D:5      | Entered Level 5 of the Dungeon
  5292 | D:5      | Noticed Menkaure
  5495 | D:5      | Found a sand-covered staircase.
  5501 | Ossuary  | Entered an ossuary
  6264 | D:5      | Noticed Grinder
  6300 | D:5      | Mangled by an ogre

Action                   |  1- 3 |  4- 6 || total
-------------------------+-------+-------++-------
Melee: Unarmed           |   162 |    51 ||   213
       Spear             |     2 |     7 ||     9
       Dagger            |       |    82 ||    82
       Short sword       |       |    60 ||    60
 Cast: Beastly Appendage |    28 |     1 ||    29
       Spider Form       |       |     8 ||     8
 Abil: End Transformatio |       |     1 ||     1
  Use: Scroll            |     6 |    14 ||    20
       Potion            |       |     3 ||     3
 Stab: Sleeping          |     1 |       ||     1
  Eat: Chunk             |     4 |    11 ||    15
       Pizza             |       |     2 ||     2
